Map: Prion Terraces

Players

Miszu - Winner!

  • Race: Terran Terran
  • League: Diamond

Yaegz

  • Race: Protoss Protoss
  • League: Master

VOD

Have the link to the VOD?

Description

Time

  • Played on: March 25, 2016, 3:53 p.m.
  • Length: 3:47
Show
View Real Time Build Order
Export as new Build Order

Miszu Terran - Winner!

Build Orders:  

Get SALT Encoding   

  12  0:00  SCV  
  13  0:13  SCV  
  14  0:23  Supply Depot  
  14  0:25  SCV  
  15  0:45  Barracks  
  15  0:52  Barracks  
  15  1:05  Barracks  
  15  1:33  Marine, Barracks  
  16  1:42  Marine  
  16  1:43  Supply Depot  
  17  1:50  Marine  
  17  1:52  Marine  
  19  2:00  Marine  
  20  2:08  Marine  
  20  2:10  Marine  
  22  2:17  Marine  
  22  2:20  Marine  
  24  2:26  Marine  
  24  2:28  Marine  
  26  2:35  Marine  
  25  2:38  Marine  
  25  2:44  Marine  
  26  2:52  Marine  
  26  2:53  Marine  
  26  2:55  Marine  
  29  3:02  Marine  
  30  3:10  Marine  
  30  3:11  Marine  
  31  3:13  Marine  
  31  3:19  Marine  
  28  3:27  Supply Depot  
  29  3:28  Marine  
  29  3:29  Marine  
Show
View Real Time Build Order
Export as new Build Order

Yaegz Protoss 

Build Orders:  

Get SALT Encoding   

  12  0:01  Probe (Chrono Boost)  
  13  0:12  Probe (Chrono Boost)  
  14  0:17  Pylon  
  14  0:22  Probe (Chrono Boost)  
  15  0:36  Gateway, Probe (Chrono Boost)  
  16  0:46  Probe (Chrono Boost)  
  16  0:47  Assimilator  
  18  0:57  Probe (Chrono Boost)  
  18  1:07  Probe (Chrono Boost)  
  19  1:20  Probe (Chrono Boost)  
  19  1:24  Cybernetics Core  
  20  1:26  Pylon  
  20  1:27  Zealot (Chrono Boost)  
  20  1:31  Pylon  
  22  1:38  Probe  
  22  1:48  Gateway  
  22  2:03  Stalker (Chrono Boost)  
  22  2:06  Assimilator, Probe  
  25  2:18  Gateway  
  25  2:34  Stalker (Chrono Boost)  
  19  2:49  Mothership Core  
Tags
 
Add a new tag
Caveats
  • Supply blocks, unpowered buildings, or Contaminate may cause inaccurate times.
  • Supply counts are checked every 10 seconds.